 Dungeon Crawl Stone Soup version 0.28.0-43-g3370ac3207 (console) character file.

Game seed: 5237863454590982742

4556 Zeor the Thaumaturge (level 10, -9/69 HPs)
             Began as a Djinni Cinder Acolyte on Mar 30, 2022.
             Was a Follower of Ignis.
             Mangled by a gnoll sergeant
             ... wielding a +2 vorpal trident
              (12 damage)
             ... on level 9 of the Dungeon.
             The game lasted 00:29:15 (13134 turns).

Zeor the Thaumaturge (Djinni Cinder Acolyte)       Turns: 13134, Time: 00:29:16

Health: -9/69      AC: 19    Str: 13    XL:     10   Next: 67%
Gold:   516        EV: 12    Int: 35    God:    Ignis [*.....] SH:  0 Dex: 12

rFire   + + +      SeeInvis .   a - +4 great sword (freeze)
rCold   x . .      Faith    .   (shield currently unavailable)
rNeg    . . .      Spirit   .   z - +0 steam dragon scales
rPois   ∞          Reflect  .   p - +1 helmet of Nacuose {rF+ Int+4 Dex+4}
rElec   .          Harm     .   (no cloak)
rCorr   .          Rampage  .   e - +1 pair of gloves
Will    +....                   (boots unavailable)
Stlth   ++........              (no amulet)
HPRegen 0.21/turn               m - +4 ring of slaying
MPRegen 0.00/turn               r - +6 ring of intelligence

@: fiery-armoured, flying
A: sickness immunity, fire resistance 2, cold vulnerability 1, float, innate
caster, HP casting, extra vitality 1, iridescent scales 1, clever 2
a: Renounce Religion, Fiery Armour, Foxfire Swarm, Rising Flame


You were on level 9 of the Dungeon.
You worshipped Ignis.
Ignis was aware of your devotion.
You visited 1 branch of the dungeon, and saw 9 of its levels.
You also visited: Sewer.

You collected 516 gold pieces.

Inventory:

Hand Weapons
 a - a +4 great sword of freezing (weapon)
 b - a +0 long sword of holy wrath
 f - a +1 vorpal falchion
 l - a +0 falchion
 A - a +3 great sword
 B - a +0 falchion of flaming
Missiles
 c - a curare-tipped dart
 d - 2 throwing nets
 h - 137 arrows
 y - 76 bolts
Armour
 e - a +1 pair of gloves (worn)
 p - the +1 helmet of Nacuose (worn) {rF+ Int+4 Dex+4}
   (You found it on level 7 of the Dungeon)

   Int:       It affects your intelligence (+4).
   Dex:       It affects your dexterity (+4).
   rF:        It protects you from fire.
 z - +0 steam dragon scales (worn)
Jewellery
 m - a +4 ring of slaying (left hand)
 r - a +6 ring of intelligence (right hand)
 t - a ring of protection from fire
Wands
 i - a wand of paralysis (5)
 j - a wand of charming (4)
 n - a wand of flame (25)
 u - a wand of mindburst (10)
Scrolls
 g - 2 scrolls of blinking
 o - 3 scrolls of immolation
 s - a scroll of enchant armour
 w - 4 scrolls of identify
 x - a scroll of enchant weapon
 C - a scroll of teleportation
Potions
 k - a potion of berserk rage
 q - 3 potions of mutation
 v - 2 potions of brilliance


   Skills:
 + Level 4.3 Fighting
 * Level 5.0 Long Blades
 + Level 3.6 Armour
 + Level 3.0 Dodging
 + Level 1.5 Stealth
 * Level 10.1 Spellcasting


You had 19 spell levels left.
You knew the following spells:

 Your Spells              Type           Power      Damage    Failure   Level
a - Scorch                Fire           100%       2d10      1%          2
b - Apportation           Tloc           100%       N/A       1%          1
c - Call Imp              Summ           73%        N/A       1%          2
d - Corpse Rot            Necr/Air       100%       N/A       1%          2
e - Confusing Touch       Hex            73%        N/A       1%          3
Your spell library was empty.

Dungeon Overview and Level Annotations

Branches:
Dungeon (9/15)             Temple (0/1) D:6           Sewer (visited)
   Lair: D:8-11         Orc: D:9-12

Altars:
Yredelemnul
Zin

Shops:
D:6 [

Annotations:
D:9 1 runed translucent door, silky's ghost, novice MiCK


Innate Abilities, Weirdness & Mutations

You are immune to sickness and miasma.
You are immune to poison.
Your flesh is very heat resistant. (rF++)
You are vulnerable to cold. (rC-)
You float through the air rather than walking.
You learn spells naturally, not from books.
Your magical power is your life essence.
You have superior vitality. (+4 MHP)
You are partially covered in iridescent scales. (AC +2)
Your mind is very acute. (Int +4)


Message History

The gnoll sergeant hits you from afar with a +2 vorpal trident.
The gnoll hits you but does no damage.
You are electrocuted!
* * * LOW HITPOINT WARNING * * *
The gnoll is burned by your cloak of flames.
The gnoll is almost dead.
Your crimson imp closely misses the gnoll.
The gnoll misses your crimson imp. The gnoll misses your crimson imp.
Your crimson imp blinks!
The gnoll hits your crimson imp but does no damage.
Activating: Foxfire Swarm
Press: ? - help, Dir - look around, f - activate Flames leap up around you!
The gnoll sergeant hits you from afar with a +2 vorpal trident.
* * * LOW HITPOINT WARNING * * *
x2 The gnoll hits the gnoll with a +0 club!
The gnoll hits your crimson imp with a +0 spear!
Your crimson imp dies!
Your crimson imp disappears in a puff of smoke!
The foxfire hits the gnoll.
You kill the gnoll!
The gnoll barely misses you.
The gnoll shouts!
You slash the gnoll! You freeze the gnoll.
You kill the gnoll!
The foxfire hits the gnoll.
The gnoll is moderately wounded.
The foxfire hits the gnoll.
The gnoll is heavily wounded.
The foxfire hits the gnoll.
The gnoll is severely wounded.
The foxfire hits the gnoll.
The gnoll is severely wounded.
The foxfire hits the gnoll.
The gnoll is almost dead.
The foxfire hits the gnoll.
You kill the gnoll!
The foxfire hits the gnoll sergeant but does no damage. x2
The gnoll sergeant hits you from afar with a +2 vorpal trident!
You die...

▒∙∙∙∙∙∙∙∙∙∙∙▒
▒▒∙∙∙∙∙▒
▒∙∙∙∙∙∙∙∙∙∙!
▒▒∙∙∙∙∙∙▒
▒∙∙∙∙∙∙∙∙∙∙
▒▒∙∙∙∙▒∙∙▒
▒∙∙∙∙∙∙∙∙∙
▒▒∙∙∙∙▒▒∙∙∙∙∙
▒∙∙∙∙§∙∙∙
▒▒§∙∙∙▒▒∙∙∙∙∙∙
▒∙∙∙g∙∙▒
▒▒§∙∙▒▒▒


∙∙∙∙∙ ▒∙∙∙∙∙g▒▒▒§∙∙▒▒ ∙∙∙∙ ▒∙∙)v▒▒v∙∙▒▒ ▒∙∙§§R§§▒▒▒ ▒∙∙§§§v§▒▒ ▒∙[∙§§§▒▒
▒∙∙∙∙∙▒▒ ▒∙∙∙∙∙▒▒ ▒∙∙∙∙∙∙▒ ▒▒▒▒▒∙∙∙ ▒▒▒ You could see a gnoll sergeant (ally
target) and a gnoll (ally target).

Vanquished Creatures
  Maggie (D:8)
  Sigmund (D:4)
  Eustachio (D:6)
  An acid dragon (D:9)
  2 water moccasins
  A black bear (D:6)
  A sky beast (D:7)
  2 ice beasts
  3 orc warriors
  2 necrophages
  2 centaurs (D:8)
  5 ogres
  A phantom (D:4)
  Blork the orc (D:6)
  2 kobold brigands
  A bullfrog (D:9)
  A scorpion (D:6)
  A gnoll sergeant (D:5)
  2 water moccasin zombies
  2 water moccasin skeletons
  8 wights
  A howler monkey (D:8)
  A bullfrog zombie (D:5)
  2 centaur zombies (D:5)
  4 jellies
  2 orc priests
  6 hounds
  A gnoll shaman (D:8)
  Jessica (D:3)
  A scorpion zombie (D:5)
  Terence (D:2)
  3 iguanas
  6 orc wizards
  A killer bee zombie (D:6)
  3 adders
  12 gnolls
  A shadow imp (D:8)
  2 white imps
  An adder skeleton (D:4)
  A worm (D:3)
  A dart slug (D:1)
  23 orcs
  4 bats
  5 endoplasms
  4 giant cockroaches
  10 goblins
  6 hobgoblins
  8 jackals
  7 kobolds
  5 quokkas
  8 ball pythons
  A frilled lizard (D:3)
  10 rats
183 creatures vanquished.

Vanquished Creatures (collateral kills)
  A water moccasin (Sewer)
  An orc priest (D:7)
  An orc (D:6)
3 creatures vanquished.

Vanquished Creatures (others)
  41 foxfires
41 creatures vanquished.

Grand Total: 227 creatures vanquished

Notes
Turn   | Place    | Note
-------+----------+-------------------------------------------
     0 | D:1      | Zeor the Djinni Cinder Acolyte began the quest for the Orb.
     0 | D:1      | Reached XP level 1. HP: 20/20 MP: 0/0
   205 | D:1      | Reached XP level 2. HP: 9/25 MP: 0/0
   820 | D:1      | Reached XP level 3. HP: 25/30 MP: 0/0
   820 | D:1      | Learned a level 1 spell: Apportation
   959 | D:1      | Reached skill level 3 in Spellcasting
  1738 | D:2      | Reached XP level 4. HP: 6/35 MP: 0/0
  2117 | D:2      | Found a glowing silver altar of Zin.
  2337 | D:2      | Reached XP level 5. HP: 38/40 MP: 0/0
  2337 | D:2      | Learned a level 2 spell: Call Imp
  2809 | D:2      | Noticed Terence
  2829 | D:2      | Killed Terence
  2830 | D:2      | Reached skill level 4 in Spellcasting
  3324 | D:3      | Found a glowing drain.
  3527 | Sewer    | Entered a sewer
  3566 | Sewer    | Noticed a water moccasin
  3572 | Sewer    | Killed a water moccasin
  3573 | Sewer    | Reached XP level 6. HP: 36/46 MP: 0/0
  3774 | D:3      | You are sucked into a shaft and drop 3 floors!
  3774 | D:6      | Found a staircase to the Ecumenical Temple.
  3781 | D:6      | Noticed Blork the orc
  3795 | D:5      | Entered Level 5 of the Dungeon
  3928 | D:5      | Noticed a necrophage
  3940 | D:5      | Killed a necrophage
  3941 | D:5      | Reached skill level 1 in Armour
  3941 | D:5      | Reached skill level 5 in Spellcasting
  3941 | D:5      | Reached XP level 7. HP: 30/50 MP: 0/0
  3941 | D:5      | Learned a level 2 spell: Corpse Rot
  4119 | D:5      | Reached skill level 1 in Dodging
  4252 | D:5      | Noticed a water moccasin
  4262 | D:5      | Killed a water moccasin
  4559 | D:5      | Reached skill level 6 in Spellcasting
  4571 | D:5      | Reached XP level 8. HP: 44/56 MP: 0/0
  4898 | D:5      | HP: 1/56 [gnoll sergeant/+0 trident of protection (8)]
  5296 | D:4      | Noticed Sigmund
  5313 | D:4      | Killed Sigmund
  5855 | D:4      | Reached skill level 7 in Spellcasting
  6312 | D:3      | Reached skill level 1 in Stealth
  6397 | D:3      | Noticed Jessica
  6403 | D:3      | Killed Jessica
  7386 | D:5      | Reached XP level 9. HP: 19/62 MP: 0/0
  7386 | D:5      | Learned a level 3 spell: Confusing Touch
  8006 | D:5      | Found a basalt altar of Yredelemnul.
  8415 | D:6      | Killed Blork the orc
  8416 | D:6      | Reached skill level 8 in Spellcasting
  8838 | D:6      | Found Yno Xur's Antique Armour Emporium.
  9124 | D:6      | Gained mutation: You are partially covered in iridescent
                  | scales. (AC +2) [potion of mutation]
  9124 | D:6      | Gained mutation: Your mind is acute. (Int +2) [potion of
                  | mutation]
  9124 | D:6      | Gained mutation: Your mind is very acute. (Int +4) [potion
                  | of mutation]
  9775 | D:6      | Noticed Eustachio
  9793 | D:6      | Killed Eustachio
 10133 | D:7      | Identified the +1 helmet of Nacuose {rF+ Int+4 Dex+4}
 10218 | D:7      | Reached XP level 10. HP: 9/68 MP: 0/0
 10227 | D:7      | Reached skill level 9 in Spellcasting
 11221 | D:8      | Noticed Maggie
 11235 | D:8      | Killed Maggie
 12018 | D:8      | Reached skill level 10 in Spellcasting
 13032 | D:9      | Reached skill level 5 in Long Blades
 13078 | D:9      | Found a runed translucent door.
 13079 | D:9      | Noticed silky's ghost (novice MiCK)
 13133 | D:9      | HP: 3/69 [gnoll sergeant/+2 vorpal trident (2)]
 13134 | D:9      | Mangled by a gnoll sergeant

Illustrated notes

Levels and vault maps discovered:
D:1:      matt_arrival_refuge, layout_loops_ring
D:2:      layout_basic, basic_altar, chequers_serial_rivers_micro_e,
          minmay_misc_feat_encased, supply_closet_lemuel, uniq_terence
D:3:      layout_basic, serial_curves, eino_curves_02, eino_curves_04,
          cheibrodos_sewer_entry_sluice, guppyfry_early_orc_mine, uniq_jessica
D:4:      layout_cave_pods, chequers_serial_rivers_micro_c,
          small_statue_intersection, uniq_sigmund
D:5:      layout_rooms, nicolae_yredelemnul_corpse_copse
D:6:      layout_gridville, minmay_temple_entry_mini_moons, serial_shops,
          nicolae_shop_statue_plus, minmay_misc_feat_rugged,
          kennysheep_generic_room_16, uniq_blork_the_orc, uniq_eustachio
D:7:      layout_basic, kennysheep_generic_room_5
D:8:      layout_rooms, st_stairs_7, corexii_leaking_fountain, uniq_maggie
D:9:      layout_cave_pods, hiddenorc2_lemuel, ebering_ghost_reflecting_pool,
          uniq_grum

Skill      XL: |  1  2  3  4  5  6  7  8  9 10 |
---------------+-------------------------------+-----
Spellcasting   | 3 4 5 6 7 8 10 | 10.1
Armour         | 1 2 3 |  3.6
Dodging        | 1 2 3 |  3.0
Long Blades    | 3 4 5 |  5.0
Stealth        | 1 |  1.5
Fighting       | 4 |  4.3

Action                   |  1- 3 |  4- 6 |  7- 9 | 10-12 || total
-------------------------+-------+-------+-------+-------++-------
Melee: Falchion          |    28 |    27 |   135 |    28 ||   218
       Punch             |       |     1 |       |     1 ||     2
       Great sword       |       |       |       |    22 ||    22
       Long sword        |       |       |       |    12 ||    12
 Cast: Scorch            |    32 |    32 |   122 |    47 ||   233
       Apportation       |     1 |       |       |       ||     1
       Call Imp          |       |     1 |     9 |     7 ||    17
       Corpse Rot        |       |       |     2 |       ||     2
       Confusing Touch   |       |       |     5 |     9 ||    14
Invok: Fiery Armour      |       |     1 |     2 |     2 ||     5
       Foxfire Swarm     |       |       |     2 |     2 ||     4
  Use: Scroll            |     2 |     1 |     7 |     2 ||    12
       Potion            |       |     2 |     6 |       ||     8
 Stab: Confused          |       |       |     1 |       ||     1
Armor: Robe              |     8 |       |       |       ||     8
       Leather armour    |       |    15 |    53 |     2 ||    70
       Steam dragon scal |       |       |       |    38 ||    38
Dodge: Dodged            |    25 |    16 |   113 |    58 ||   212
